 Dungeon Crawl Stone Soup version 0.31-a0-543-geaa9c7a2c0 (webtiles) character file.

Game seed: 4732729187488837952

401 AdnanSaban the Covered (level 6, -7/39 HPs)
             Began as a Gargoyle Fighter on Aug 15, 2023.
             Was an Initiate of Okawaru.
             Mangled by a wight
             ... wielding a +3 long sword of freezing
              (12 damage)
             ... on level 5 of the Dungeon.
             The game lasted 00:03:38 (3539 turns).

AdnanSaban the Covered (Gargoyle Fighter)           Turns: 3539, Time: 00:03:39

Health: -7/39      AC: 12    Str: 22    XL:     6   Next: 85%
Magic:  6/6        EV: 10    Int:  8    God:    Okawaru [......]
Gold:   186        SH:  4    Dex:  9    Spells: 5/5 levels left

rFire   . . .        a - +0 flail
rCold   . . .        c - +0 buckler
rNeg    + . .        b - +0 scale mail
rPois   ∞            i - +0 helmet
rElec   +            (no cloak)
rCorr   .            (no gloves)
SInv    .            (no boots)
Will    .....        (no amulet) Stlth
                     (no ring)
HPRegen 0.26/turn    (no ring)
MPRegen 0.10/turn

%: no passive effects
@: no status effects
A: sickness immunity, AC +4, negative energy resistance 1, electricity
resistance, torment resistance 1, petrification resistance
a: Renounce Religion


You were on level 5 of the Dungeon.
You worshipped Okawaru.
Okawaru was noncommittal.
You visited 1 branch of the dungeon, and saw 5 of its levels.

You collected 186 gold pieces.

Inventory:

Hand Weapons
 a - a +0 flail (weapon)
Armour
 b - a +0 scale mail (worn)
 c - a +0 buckler (worn)
 i - a +0 helmet (worn)
Jewellery
 r - a ring of resist corrosion
Wands
 q - a wand of digging (5)
Scrolls
 e - 4 scrolls of identify {unknown}
 f - 7 scrolls of teleportation {unknown}
 g - a scroll of brand weapon {unknown}
 h - a scroll of fear {unknown}
 j - a scroll of blinking {unknown}
 k - a scroll of immolation {unknown}
 n - 2 scrolls of poison {unknown}
Potions
 d - a potion of might
 l - a potion of attraction {unknown}
 m - a potion of ambrosia {unknown}
 o - 2 potions of invisibility {unknown}
 p - a potion of mutation {unknown}


   Skills:
 + Level 4.4 Fighting
 + Level 4.5 Maces & Flails
 + Level 5.0 Armour
 + Level 1.4 Dodging
 + Level 0.2 Stealth
 + Level 4.0 Shields


You had 5 spell levels left.
You didn't know any spells.
Your spell library contained the following spells:

 Spells                   Type           Power      Damage    Failure   Level
 Poisonous Vapours        Pois/Air       0%         N/A       89%         2
 Ignite Poison            Fire/Tmut/Pois 0%         N/A       98%         3
 Mephitic Cloud           Conj/Pois/Air  0%         N/A       98%         3
 Volatile Blastmotes      Fire/Tloc      0%         2d10      98%         3
 Fulminant Prism          Conj/Hex       0%         3d5       100%        4
 Iskenderun's Mystic Bla  Conj/Tloc      0%         2d3       100%        4
 Sticky Flame             Conj/Fire      0%         2d3       100%        4
 Freezing Cloud           Conj/Ice/Air   0%         6-21      100%        5
 Ignition                 Fire           0%         3d3       100%        8
 Call Imp                 Summ           Unusable   N/A       N/A         2
 Summon Horrible Things   Summ           Unusable   N/A       N/A         8

Dungeon Overview and Level Annotations

Branches:
Dungeon (5/15)             Temple (0/1) D:4

Altars:
Nemelex Xobeh
Okawaru

Annotations:
D:4 Edmund


Innate Abilities, Weirdness & Mutations

You are immune to sickness and miasma.
Your stone body is resilient. (AC +4)
You are immune to poison.
You resist negative energy. (rN+)
You are resistant to electric shocks. (rElec)
You are resistant to unholy torment.
You are immune to petrification.


Message History

a +2 short sword; a +0 robe The wight barely misses you.
Things that are here:
a +2 short sword; a +0 robe You closely miss the wight.
The wight hits you but does no damage.
You hit the wight.
The wight is lightly damaged.
The wight hits you but does no damage.
You sock the wight!
The wight is heavily damaged.
The wight hits you with a +0 war axe.
You closely miss the wight.
The wight is heavily damaged.
The wight misses you.
You sock the wight!
You destroy the wight!
Okawaru accepts your kill.
The wight hits you with a +3 long sword of freezing.
The wight freezes you.
Your Armour skill increases to level 5!
Your Shields skill increases to level 4!
You barely miss the wight.
The wight hits you with a +3 long sword of freezing!
The wight freezes you.
You barely miss the wight.
The wight hits you with a +3 long sword of freezing.
The wight freezes you.
You hit the wight but do no damage. The wight closely misses you.
You hit the wight.
The wight is lightly damaged.
The wight hits you with a +3 long sword of freezing!
The wight freezes you.
The wight hits you with a +3 long sword of freezing!
* * * LOW HITPOINT WARNING * * *
The wight freezes you.
* * * LOW HITPOINT WARNING * * *
You closely miss the wight.
The wight is lightly damaged.
The wight hits you with a +3 long sword of freezing!
You die...

#.....#
#.##### #.#
#.# ## #.#
.# #.# .#
#.# .####
#.###....###
#..@z......+
#####...####
..## .## .#
z. .# .#


You could see a wight.

Vanquished Creatures
  A water moccasin (D:5)
  2 wights (D:5)
  A hound (D:4)
  Jessica (D:2)
  6 adders
  An ufetubus (D:4)
  A worm (D:3)
  3 dart slugs
  An orc (D:3)
  9 endoplasms
  8 goblins
  5 hobgoblins
  10 jackals
  10 kobolds
  2 quokkas
  2 ball pythons
  4 bats
  2 frilled lizards (D:1)
  2 rats (D:1)
71 creatures vanquished.

Notes
Turn   | Place    | Note
-------+----------+-------------------------------------------
     0 | D:1      | AdnanSaban the Gargoyle Fighter began the quest for the
                  | Orb.
     0 | D:1      | Reached XP level 1. HP: 14/14 MP: 1/1
   231 | D:1      | Reached XP level 2. HP: 19/19 MP: 2/2
   604 | D:1      | Reached XP level 3. HP: 24/24 MP: 3/3
   952 | D:2      | Got the Directory of Frigorific Invitation
   982 | D:2      | Found a sparkling altar of Nemelex Xobeh.
  1409 | D:2      | Noticed Jessica
  1414 | D:2      | Killed Jessica
  1415 | D:2      | Reached XP level 4. HP: 29/29 MP: 4/4
  1976 | D:3      | Reached skill level 4 in Armour
  2037 | D:3      | Identified the +0 pair of gloves of Wicked Life {Contam
                  | rPois rN+ Dex+5}
  2063 | D:3      | Found an iron altar of Okawaru.
  2072 | D:3      | Became a worshipper of Warmaster Okawaru
  2315 | D:3      | Reached XP level 5. HP: 31/33 MP: 5/5
  2372 | D:3      | Identified the +6 mace of Ajarch {holy, rF+ rC+ Int+3}
  2555 | D:4      | Noticed an ogre
  2923 | D:4      | Noticed Edmund
  3140 | D:4      | Found a staircase to the Ecumenical Temple.
  3420 | D:5      | Entered Level 5 of the Dungeon
  3454 | D:5      | Noticed a water moccasin
  3465 | D:5      | Killed a water moccasin
  3466 | D:5      | Reached skill level 1 in Dodging
  3466 | D:5      | Reached XP level 6. HP: 38/39 MP: 6/6
  3535 | D:5      | Reached skill level 5 in Armour
  3539 | D:5      | Mangled by a wight

Illustrated notes

Levels and vault maps discovered:
D:1:      dpeg_arrival_short_road, layout_basic
D:2:      layout_loops_corners, basic_altar, uniq_jessica
D:3:      layout_basic, okawaru_ov_weapons_minmay
D:4:      layout_loops_ring, nemelex_spade_bored_becter,
          minmay_temple_entry_fiery, uniq_edmund
D:5:      nicolae_BIG_FREAKIN_CUBE, layout_loops_corners,
          gammafunk_ghost_necromancy

Skill      XL: |  1  2  3  4  5  6 |
---------------+-------------------+-----
Maces & Flails | 3 4 |  4.5
Armour         | 4 5 |  5.0
Fighting       | 4 |  4.4
Dodging        | 1 |  1.4
Shields        | 4 |  4.0
Stealth        | |  0.2

Action                     |  1- 3 |  4- 6 || total
---------------------------+-------+-------++-------
  Melee: Flail             |   108 |   152 ||   260
 Armour: Scale mail        |    59 |   124 ||   183
  Dodge: Dodged            |    63 |   101 ||   164
  Block: Buckler           |    27 |    50 ||    77

Table legend: (Time is in decaauts)
 A = Elapsed time spent in this place.
 B = Non-inter-level travel time spent in this place.
 C = Inter-level travel time spent in this place.
 D = Time resting spent in this place.
 E = Time spent auto-exploring this place.
 F = Levels seen in this place.
 G = Mean time per level.
                   A        B        C        D        E       F      G
               +--------+--------+--------+--------+--------+-----+--------+
         Total |   3616 |   3296 |    320 |    107 |   2429 |   5 |  723.2 |
       Dungeon |   3616 |   3296 |    320 |    107 |   2429 |   5 |  723.2 |
               +--------+--------+--------+--------+--------+-----+--------+

Top non-repeatable levels by time:
     D:3: 979 daAuts
     D:1: 967 daAuts
     D:2: 923 daAuts
     D:4: 620 daAuts
     D:5: 126 daAuts
